 Dungeon Crawl Stone Soup version 0.31.0-2-g5a2aebc5c2 (webtiles) character file.

Game seed: 16475794932221289420

6024 hawla the Gouger (level 10, -7/53 HPs)
             Began as a Felid Shapeshifter on Jan 20, 2024.
             Was a Believer of Makhleb.
             Mangled by a death yak (19 damage)
             ... on level 9 of the Dungeon on Jan 21, 2024.
             The game lasted 00:28:56 (8789 turns).

hawla the Gouger (Felid Shapeshifter)               Turns: 8789, Time: 00:28:57

Health: -7/53      AC:  2    Str: 14    XL:     10   Next: 56%
Magic:  13/13      EV: 18    Int: 14    God:    Makhleb [**....]
Gold:   145        SH:  0    Dex: 16    Spells: 7/11 levels left
                                        Lives:  0   Deaths: 4

rFire   . .          .
                       - Unarmed
rCold   . . .        (shield unavailable)
rNeg    . . .        (body armour unavailable)
rPois   +            (helmet unavailable)
rElec   .            (cloak unavailable)
rCorr   .            (gloves unavailable)
SInv    +            (boots unavailable)
Will    +....        (no amulet)
Stlth   +            f - ring of poison resistance
HPRegen 0.28/turn    (no ring)
MPRegen 0.13/turn

%: random rage (3%)
@: beast-form, studying Necromancy
A: beast (slay +4), very small, claws 1, fangs 3, see invisible, shaggy fur 2,
stealthy paws, no weapons or thrown items, no armour, multi-lived, berserk 1,
sense surroundings 1
a: Begin Untransformation, Renounce Religion, Minor Destruction


You were on level 9 of the Dungeon.
You worshipped Makhleb.
Makhleb was pleased with you.
You were a hulking beast.
You visited 2 branches of the dungeon, and saw 10 of its levels.

You collected 403 gold pieces.
You spent 258 gold pieces at shops.

Inventory:

Jewellery
 f - a ring of poison resistance (left paw)
Talismans
 b - a beast talisman
 c - a flux talisman
Wands
 a - a wand of mindburst (5)
 d - a wand of quicksilver (5) (quivered)
 s - a wand of polymorph (10)
Scrolls
 j - 2 scrolls of fog
 k - a scroll of noise
Potions
 o - 2 potions of brilliance


   Skills:
 - Level 6.3 Fighting
 - Level 4.0 Dodging
 + Level 10.5 Unarmed Combat
 - Level 1.0 Spellcasting
 - Level 8.1 Necromancy
 - Level 3.0 Invocations
 - Level 2.0 Evocations
 + Level 7.0 Shapeshifting


You had 7 spell levels left.
You knew the following spells:

 Your Spells              Type           Power      Damage    Failure   Level
a - Dispel Undead         Necr           23%        3d12      10%         4

Your spell library contained the following spells:

 Spells                   Type           Power      Damage    Failure   Level
 Kiss of Death            Conj/Necr      48%        2d9       4%          1
 Confusing Touch          Hex            0%         N/A       61%         3
 Volatile Blastmotes      Fire/Tloc      0%         2d10      61%         3
 Fulminant Prism          Conj/Alch      0%         3d5       95%         4
 Iskenderun's Mystic Bla  Conj/Tloc      0%         2d3       95%         4


Dungeon Overview and Level Annotations

Branches:
Dungeon (9/15)             Temple (1/1) D:5            Lair (0/5) D:9
    Orc: D:9-12

Altars:
Ashenzari
Cheibriados
Dithmenos
Elyvilon
Fedhas
Gozag
Hepliaklqana
Kikubaaqudgha
Makhleb
Nemelex Xobeh
Okawaru
Qazlal
Ru
Sif Muna
Trog
Uskayaw
Vehumet
Wu Jian
Xom
Yredelemnul
Zin
The Shining One

Shops:
D:4 *:?*


Innate Abilities, Weirdness & Mutations

You are a hulking beast.
Your limbs bulge with bestial killing power. (Slay +4)
You have sharp claws.
You have razor-sharp teeth.
You have supernaturally acute eyesight. (SInv)
You are covered in thick fur. (AC +2)
Your paws help you pounce on unaware monsters.
You are incapable of wielding weapons or throwing items.
You cannot wear armour.
You gain extra lives every three experience levels.
You sometimes lose your temper in combat.
You passively map a small area around you.


Message History

The killer bee is severely wounded.
The killer bee completely misses you. The killer bee misses you.
You scratch the killer bee.
The killer bee is severely wounded.
The killer bee stings you.
You claw the killer bee!
You kill the killer bee!
Makhleb accepts your kill.
The orc wizard hits you with a +0 dagger of protection.
You claw the orc wizard!
The orc wizard is severely wounded.
The orc wizard gestures at you while chanting.
The magic dart hits you.
You closely miss the orc wizard. Your claw misses the orc wizard.
The orc wizard is severely wounded.
The orc wizard barely misses you.
You scratch the death yak but do no damage.
The death yak completely misses you. The orc wizard closely misses you.
You claw the orc wizard!
You kill the orc wizard!
Makhleb accepts your kill. The death yak gores you!!
An orc priest comes into view. It is wielding a +0 war axe.
Things that are here:
a +0 dagger of protection; a +0 robe The death yak bellows! x2
As you read the scroll of fog, it dissolves into smoke.
The orc priest casts a cantrip, but nothing happens.
The orc priest calls down the wrath of Beogh upon you.
Beogh smites you!
* * * LOW HITPOINT WARNING * * *
You hear a bellow!
The death yak attacks as it pursues you!
The death yak gores you but does no damage.
The death yak misses you.
The death yak attacks as it pursues you!
The death yak completely misses you.
The death yak attacks as it pursues you!
The death yak gores you!!
You die...

.. * .... .. *
#..### ....,
######...... ....
#§o...# * .#....
#§###.# *##
.#.....#§# #o# .#
o...YY§§o###.# .#
.>YY..##§§§#.####.#
o.K#KY####§#.o.Yh.#
..# #.Y†).########
... ,####### , ** ,
** * *


You could see a death yak and an orc priest.

Vanquished Creatures
  Erica (D:8)
  Pikel (D:8)
  Joseph (D:8)
  Prince Ribbit (D:9)
  A wraith (D:8)
  A slime creature (D:9)
  8 yaks
  A vampire mosquito (D:5)
  Edmund (D:4)
  3 water moccasins
  2 black bears
  2 ice beasts
  An orc warrior (D:6)
  An ogre (D:6)
  A centaur (D:6)
  3 phantoms
  4 bullfrogs
  2 scorpions (D:5)
  A gnoll sergeant (D:7)
  5 wights (D:7)
  4 killer bees
  A howler monkey (D:7)
  A bombardier beetle (D:3)
  A hound (D:5)
  A jelly (D:6)
  An orc priest (D:8)
  A gnoll bouda (D:7)
  A sleepcap (D:4)
  5 iguanas
  5 orc wizards
  9 gnolls (D:7)
  8 adders
  A shadow imp (D:5)
  A white imp (D:7)
  3 dart slugs
  26 orcs
  7 ball pythons
  8 endoplasms
  2 giant cockroaches
  5 goblins
  3 hobgoblins
  14 kobolds
  2 quokkas (D:3)
  8 bats
  3 frilled lizards (D:1)
  7 rats
169 creatures vanquished.

Notes
Turn   | Place    | Note
-------+----------+-------------------------------------------
     0 | D:1      | hawla the Felid Shapeshifter began the quest for the Orb.
     0 | D:1      | Reached XP level 1. HP: 10/10 MP: 2/2
   135 | D:1      | Reached XP level 2. HP: 14/14 MP: 3/3
   653 | D:2      | Reached XP level 3. HP: 16/18 MP: 4/4
  1113 | D:2      | Found a faded altar of an unknown god.
  1295 | D:3      | Reached XP level 4. HP: 22/22 MP: 5/5
  1295 | D:3      | Gained a life (2 lives remaining)
  1790 | D:3      | Reached skill level 4 in Unarmed Combat
  2147 | D:4      | Found Zifitaps's Magic Scroll Boutique.
  2150 | D:4      | Found Plog's Assorted Antiques.
  2150 | D:4      | Found Piabonus's Book Boutique.
  2152 | D:4      | Found Yczaqum's Assorted Antiques.
  2155 | D:4      | Bought a scroll labelled XYIVAD DACLUY for 29 gold pieces
  2161 | D:4      | Bought a scroll labelled ENIPADWESOU for 32 gold pieces
  2161 | D:4      | Bought a scroll labelled XYIVAD DACLUY for 32 gold pieces
  2164 | D:4      | Bought a scroll of identify for 22 gold pieces
  2170 | D:4      | Noticed a bullfrog
  2175 | D:4      | Killed a bullfrog
  2176 | D:4      | Reached XP level 5. HP: 9/25 MP: 6/6
  2271 | D:4      | Reached skill level 5 in Unarmed Combat
  2362 | D:4      | Noticed Edmund
  2378 | D:4      | Mangled by Edmund
  2378 | D:4      | Lost a life (1 life remaining)
  2431 | D:4      | Killed Edmund
  2432 | D:4      | Gained mutation: You are covered in thick fur. (AC +2)
                  | [Felid growth]
  2432 | D:4      | Reached XP level 6. HP: 22/30 MP: 7/7
  2591 | D:4      | Found a stormy altar of Qazlal.
  3073 | D:4      | Bought a scroll of teleportation for 33 gold pieces
  3073 | D:4      | Bought a scroll of fog for 44 gold pieces
  3110 | D:5      | Entered Level 5 of the Dungeon
  3152 | D:5      | Reached skill level 6 in Unarmed Combat
  3239 | D:5      | Reached skill level 1 in Evocations
  3239 | D:5      | Reached XP level 7. HP: 14/33 MP: 8/8
  3239 | D:5      | Gained a life (2 lives remaining)
  3315 | D:5      | Found a staircase to the Ecumenical Temple.
  3329 | Temple   | Entered the Ecumenical Temple
  3344 | Temple   | Became a worshipper of Makhleb the Destroyer
  3524 | D:5      | Reached skill level 7 in Unarmed Combat
  3794 | D:5      | Reached skill level 5 in Shapeshifting
  4157 | D:6      | Reached XP level 8. HP: 37/37 MP: 9/9
  4202 | D:6      | Reached skill level 8 in Unarmed Combat
  4209 | D:6      | Slain by an orc
  4209 | D:6      | Lost a life (1 life remaining)
  4288 | D:4      | Bought 3 scrolls of identify for 66 gold pieces
  4819 | D:5      | Learned a level 4 spell: Dispel Undead
  4825 | D:6      | Reached skill level 9 in Unarmed Combat
  4922 | D:6      | Reached skill level 1 in Necromancy
  4965 | D:6      | Reached * piety under Makhleb
  5124 | D:6      | Reached XP level 9. HP: 34/41 MP: 10/10
  5659 | D:7      | Reached skill level 1 in Spellcasting
  5756 | D:7      | HP: 1/38 [wight/+3 scimitar (1)]
  5760 | D:7      | Reached skill level 10 in Unarmed Combat
  6543 | D:8      | Noticed Joseph
  6567 | D:8      | Killed Joseph
  6792 | D:8      | Noticed Erica
  6903 | D:8      | Gained mutation: You sometimes lose your temper in combat.
                  | [potion of mutation]
  6903 | D:8      | Gained mutation: You passively map a small area around you.
                  | [potion of mutation]
  6983 | D:8      | Slain by Erica
  6983 | D:8      | Lost a life (0 lives remaining)
  7006 | D:8      | Killed Erica
  7130 | D:8      | Reached ** piety under Makhleb
  7241 | D:8      | Noticed Pikel
  7245 | D:8      | Killed Pikel
  7246 | D:8      | Reached XP level 10. HP: 45/45 MP: 13/13
  7246 | D:8      | Gained a life (1 life remaining)
  7266 | D:8      | Found a blossoming altar of Fedhas.
  8151 | D:9      | Noticed a death yak
  8151 | D:9      | Noticed a death yak
  8151 | D:9      | Found a staircase to the Lair.
  8224 | D:9      | Noticed Prince Ribbit
  8241 | D:9      | Reached skill level 5 in Fighting
  8246 | D:9      | Noticed a death yak
  8251 | D:9      | Noticed a death yak
  8253 | D:8      | HP: 2/51 [poisoned by a killer bee]
  8255 | D:8      | Succumbed to a killer bee's poison
  8255 | D:8      | Lost a life (0 lives remaining)
  8339 | D:9      | Noticed a death yak
  8339 | D:9      | Noticed a death yak
  8340 | D:9      | Noticed a death yak
  8634 | D:9      | Killed Prince Ribbit
  8746 | D:9      | Noticed a boulder beetle
  8789 | D:9      | Mangled by a death yak

Illustrated notes

Levels and vault maps discovered:
D:1:      shiori_shiawase, layout_basic
D:2:      layout_basic, hellmonk_ecumenical_altar_pennies_from_heaven,
          minmay_misc_feat_secret_circle
D:3:      layout_basic, chequers_serial_rivers_room_a
D:4:      layout_loops_ring, kennysheep_mini, minmay_misc_feat_enclosed,
          minmay_shop_grid_forest, uniq_edmund
D:5:      layout_loops_cross, minmay_temple_entry_statues_pillars,
          chequers_serial_rivers_micro_c
D:6:      layout_cave_pools, minmay_manual_moon
D:7:      layout_basic
D:8:      layout_basic, fedhas_ov_isle_minmay, minmay_statues_item, uniq_erica,
          uniq_pikel, uniq_joseph
D:9:      minmay_skewed_foursquare, layout_basic, dpeg_lair_monsters,
          orc_0_dummy, serial_shops, shop, shop, nicolae_shop_hallway_plus,
          kb_rosetta, uniq_prince_ribbit1
Temple:   nicolae_temple_bog_church

Skill      XL: |  1  2  3  4  5  6  7  8  9 10 |
---------------+-------------------------------+-----
Dodging        | 3 4 |  4.0
Shapeshifting  | 3 4 5 6 7 |  7.0
Unarmed Combat | 4 5 6 7 9 10 | 10.5
Evocations     | 1 2 |  2.0
Necromancy     | 2 8 |  8.1
Spellcasting   | 1 |  1.0
Invocations    | 2 3 |  3.0
Fighting       | 6 |  6.3

Action                     |  1- 3 |  4- 6 |  7- 9 | 10-12 || total
---------------------------+-------+-------+-------+-------++-------
  Melee: Unarmed           |    80 |   127 |   265 |    79 ||   551
         Bite              |     8 |    10 |    26 |    11 ||    55
         Punch             |     4 |     3 |    11 |     2 ||    20
  Evoke: Wand              |       |     8 |    20 |     7 ||    35
    Use: Scroll            |     6 |     4 |     9 |     3 ||    22
         Potion            |       |       |    12 |     3 ||    15
   Stab: Sleeping          |     2 |     3 |       |       ||     5
 Armour: Skin              |    22 |    38 |   148 |    30 ||   238
  Dodge: Dodged            |    59 |    89 |   208 |    58 ||   414
